AoeStats
← RIO1000

Runestones

508064622Analyzed
1v1 RM · 12d ago on Sep 20, 2026· 37m 59s· 2 players
Game mode
Random Map
Map size
Tiny (2 player)
Population
200
Speed
Normal
Resources
Standard
Victory
Conquest
Starting age
Dark Age
Ending age
Imperial Age
RankedLock teamsTeams togetherTeam positionsShared explorationLock speedFull tech treeHidden civsTurbo modeCheats
Victory
Defeat
🇲🇽 Magyars · Mexico
882
+17
🇺🇸 Teutons · United States
907
-17
RIO1000
9:42 Feudal Age
9:56 Loom
10:27 Double-Bit Axe
13:54 Fletching
17:24 Wheelbarrow
19:20 Castle Age
17:55 Gold Mining
19:21 Horse Collar
20:26 Crossbowman
22:34 Bodkin Arrow
25:16 Bow Saw
26:42 Stone Mining
28:06 Ballistics
29:30 Wheelbarrow
30:35 Gold Shaft Mining
35:35 Imperial Age
36:08 Hand Cart
35:42 Arbalester
36:26 Padded Archer Armor
37:25 Bracer
TheMonkNextDoor
9:21 Loom
11:07 Feudal Age
19:06 Castle Age
18:38 Stone Mining
21:58 Pikeman
27:59 Gold Mining
31:40 Bloodlines
Connection lost

Rejoining the realm…

Still unreachable

The connection could not be restored.

Session expired

The server has moved on; the page needs a fresh start.